Map: 中心协议

Players

TheAlchemist - Winner!

  • Race: Terran Terran
  • League: Platinum

shengy

  • Race: Zerg Zerg
  • League: Gold

VOD

Have the link to the VOD?

Description

Time

  • Played on: Dec. 3, 2015, 12:13 a.m.
  • Length: 19:08
Show
View Real Time Build Order
Export as new Build Order

TheAlchemist Terran - Winner!

Build Orders: Reaper Expand, MMM Bio 

Get SALT Encoding   

  12  0:01  SCV  
  13  0:13  SCV  
  14  0:19  Supply Depot  
  14  0:25  SCV  
  15  0:40  SCV  
  15  0:41  Barracks  
  16  0:46  Refinery  
  16  0:53  SCV  
  17  1:05  SCV  
  18  1:17  SCV  
  19  1:32  Reaper  
  20  1:35  Orbital Command  
  20  1:49  Command Center  
  20  2:02  SCV  
  20  2:04  Supply Depot  
  21  2:10  Barracks Reactor  
  21  2:14  SCV  
  22  2:26  SCV  
  22  2:28  Factory  
  23  2:39  SCV  
  24  2:46  Marine x2  
  24  2:51  SCV  
  27  3:01  Orbital Command  
  27  3:03  SCV  
  28  3:11  Supply Depot  
  28  3:15  SCV, Starport  
  29  3:22  Hellion x2  
  29  3:26  Marine  
  33  3:27  SCV  
  33  3:33  SCV  
  35  3:39  SCV  
  36  3:41  Supply Depot  
  36  3:43  Hellion  
  36  3:45  SCV, Barracks Tech Lab  
  36  3:46  Hellion  
  41  3:51  SCV  
  41  3:54  Refinery  
  41  3:55  Starport Tech Lab  
  42  3:57  SCV  
  43  4:06  SCV  
  43  4:07  Supply Depot  
  43  4:08  Stimpack  
  43  4:09  Marine  
  45  4:14  Hellion  
  45  4:16  SCV  
  48  4:19  Liberator  
  48  4:27  SCV, Marine  
  48  4:29  Supply Depot  
  53  4:44  Marine  
  54  4:47  SCV  
  54  4:50  Refinery  
  54  4:52  Refinery  
  55  4:53  Bunker  
  55  5:02  Marine  
  55  5:06  Liberator  
  56  5:20  Marine  
  50  5:31  Supply Depot  
  50  5:32  SCV  
  51  5:39  Marauder  
  53  5:43  Barracks  
  53  5:44  Barracks x2  
  53  5:48  SCV x2  
  55  5:51  Supply Depot  
  55  5:55  Supply Depot  
  55  5:59  Marine  
  55  6:00  SCV x2  
  55  6:03  Command Center  
  58  6:12  SCV x2  
  58  6:16  Combat Shields  
  58  6:18  Marauder  
  62  6:24  Starport Reactor  
  62  6:26  SCV  
  62  6:30  Widow Mine x2  
  62  6:32  Barracks Reactor  
  67  6:35  Barracks Reactor  
  67  6:37  SCV  
  67  6:39  SCV, Marine  
  70  6:40  Supply Depot x2  
  70  6:47  Liberator  
  70  6:51  SCV  
  70  6:52  Starport  
  71  6:57  Marauder  
  71  6:58  Widow Mine x2  
  77  7:04  Medivac  
  82  7:18  Marine  
  83  7:27  Widow Mine, Marine  
  83  7:28  Widow Mine, Marine x3  
  91  7:36  Marine  
  92  7:41  Liberator  
  92  7:45  Marine x2  
  92  7:46  Marine x2  
  96  7:53  Marine  
  96  7:55  Widow Mine  
  96  7:57  Widow Mine  
  101  7:58  Medivac  
  101  8:02  Starport Reactor  
  101  8:03  Marine x3  
  101  8:04  Marine  
  110  8:11  Marine  
  111  8:21  Marine x4  
  111  8:24  Widow Mine  
  111  8:25  Widow Mine  
  119  8:30  Marauder  
  119  8:32  Engineering Bay  
  121  8:35  Engineering Bay  
  121  8:39  Marine x2  
  123  8:51  Marauder  
  125  8:57  Planetary Fortress  
  121  9:12  Marauder  
  99  9:32  Liberator x2  
  99  9:34  Marauder  
  99  9:37  SCV x2  
  103  9:40  SCV  
  103  9:43  Terran Infantry Armor Level 1, Terran Infantry Weapons Level 1  
  102  9:46  Armory  
  102  9:49  SCV x2, Medivac x2  
  102  9:51  Marine  
  102  9:52  Marine x4  
  119  9:55  Marauder  
  115  10:09  Marine x2  
  115  10:10  Marine  
  118  10:18  Missile Turret  
  118  10:19  Missile Turret, Medivac  
  118  10:20  Missile Turret  
  118  10:21  Missile Turret  
  115  10:24  Missile Turret  
  110  10:31  Marine x2  
  110  10:32  Marauder, Marine x3  
  110  10:33  Widow Mine x2  
  118  10:43  SCV  
  118  10:49  Marine x3  
  122  10:50  Marine  
  122  10:53  Marauder  
  122  10:56  Barracks Reactor, Barracks  
  125  10:59  Barracks  
  125  11:01  Widow Mine x2  
  129  11:07  Marine x4  
  133  11:12  Refinery  
  133  11:14  Refinery  
  133  11:19  Marauder  
  133  11:25  Marine x2  
  133  11:37  Supply Depot x2  
  133  11:38  Supply Depot  
  133  11:51  Marine x2  
  133  11:52  Medivac  
  133  11:58  Widow Mine x2  
  133  11:59  Marauder, Medivac x3, Marine x2  
  131  12:09  Marine x2  
  131  12:10  Marine  
  131  12:11  Marine  
  131  12:15  Barracks Reactor  
  131  12:16  Barracks Reactor  
  131  12:17  Marine x2  
  131  12:21  Marauder  
  131  12:22  Medivac  
  137  12:23  Sensor Tower  
  137  12:27  Widow Mine x2, Marine x2  
  137  12:28  Marine  
  137  12:29  Medivac  
  140  12:33  Liberator  
  140  12:40  Sensor Tower  
  140  12:42  Marauder, SCV x2  
  144  12:45  Marine x4  
  144  12:46  Marine x2  
  144  12:51  Medivac  
  155  12:52  Medivac  
  157  13:05  Terran Infantry Weapons Level 2  
  157  13:06  Terran Infantry Armor Level 2  
  157  13:12  Supply Depot  
  157  13:29  Widow Mine, Marine x3  
  157  13:31  Marauder, Marine x3  
  116  13:44  Marine  
  116  13:45  Marine x3  
  116  13:46  Widow Mine  
  116  13:47  Marine x3  
  125  13:48  Marine x3  
  125  13:53  Marauder  
  130  13:58  Widow Mine  
  130  14:02  Marine x2  
  133  14:03  Marine x2  
  133  14:05  Marine x3  
  133  14:06  Marine x3  
  133  14:08  Sensor Tower  
  142  14:14  Marauder  
  142  14:15  Widow Mine  
  146  14:20  Marine x4  
  146  14:22  Liberator  
  146  14:24  Marine x2  
  150  14:26  Widow Mine, Marine x3  
  150  14:29  Liberator  
  156  14:35  Marauder  
  158  14:39  Medivac  
  158  14:40  Medivac  
  165  14:46  Widow Mine  
  165  14:47  Supply Depot x2  
  165  14:48  Marine x2  
  165  14:49  Marine  
  173  15:00  Marauder  
  173  15:01  Marine  
  173  15:06  Marine  
  172  15:10  Marine x4  
  164  15:21  Marauder  
  161  15:43  Marauder, Factory  
  163  15:54  Liberator  
  161  16:04  Marauder  
  161  16:09  Marine x2  
  161  16:11  Medivac  
  170  16:24  Liberator  
  170  16:26  Marauder  
  170  16:29  Marine x6  
  170  16:30  Marine x4  
  182  16:46  Marine  
  187  16:47  Marauder, Marine x2  
  187  16:48  Marine  
  187  16:49  Marine  
  187  16:50  Marine  
  187  16:51  Marine x2  
  187  16:53  Medivac  
  189  17:03  Supply Depot  
  189  17:04  Marine x3  
  189  17:07  Marine  
  188  17:10  Marine  
  188  17:13  Marauder, Marine x3  
  189  17:22  Marine  
  180  17:35  Marauder  
  171  17:56  Marauder  
  171  18:01  Marine x4  
  171  18:02  Marine x3  
  178  18:13  Marine  
  178  18:16  Marine x2  
  178  18:17  Marauder  
  172  18:31  Marine x2  
  168  18:36  Marine x3  
  168  18:37  Marine x4  
  168  18:39  Marauder  
  177  18:45  Marine  
Show
View Real Time Build Order
Export as new Build Order

shengy Zerg 

Build Orders: Hatch First, Lurkers, Muta Ling Bane 

Get SALT Encoding   

  12  0:01  Drone  
  13  0:08  Drone  
  14  0:17  Overlord  
  14  0:35  Drone  
  14  0:36  Drone x2  
  17  0:47  Drone  
  18  1:00  Hatchery  
  18  1:03  Drone  
  18  1:25  Drone  
  18  1:26  Spawning Pool  
  18  1:27  Extractor, Drone  
  18  1:35  Drone  
  19  1:42  Drone  
  20  1:50  Overlord  
  20  2:13  Zergling x4  
  22  2:15  Queen  
  22  2:16  Queen  
  22  2:20  Drone  
  27  2:23  Drone  
  27  2:28  Metabolic Boost  
  28  2:40  Drone x3  
  31  2:44  Drone  
  31  2:48  Roach Warren  
  31  2:49  Overlord  
  31  2:59  Drone x2  
  33  3:09  Overlord x2  
  33  3:17  Zergling x4  
  35  3:36  Lair  
  35  3:44  Drone, Evolution Chamber, Extractor  
  35  3:45  Evolution Chamber, Extractor  
  32  3:53  Hatchery  
  32  3:55  Drone x4  
  34  4:11  Drone x5  
  34  4:12  Drone  
  40  4:24  Queen  
  40  4:27  Roach  
  44  4:40  Hydralisk Den, Drone x4  
  44  4:41  Drone  
  48  4:52  Roach x3  
  52  4:54  Roach  
  54  5:00  Ravager  
  47  5:23  Drone x3  
  50  5:35  Queen  
  52  5:48  Drone x4  
  52  5:49  Drone  
  57  5:52  Lurker Den  
  57  5:56  Overseer  
  57  6:06  Baneling Nest, Extractor  
  57  6:07  Drone x5  
  57  6:08  Drone  
  61  6:13  Queen  
  63  6:21  Zerg Ground Armor Level 1  
  63  6:23  Overlord x2  
  63  6:33  Hydralisk  
  65  6:53  Centrifical Hooks  
  65  6:54  Hydralisk  
  65  6:55  Hydralisk x6  
  79  7:24  Overlord x3  
  79  7:28  Drone, Spire  
  79  7:29  Drone x2  
  81  7:30  Overlord  
  75  7:52  Overseer  
  75  8:09  Overlord  
  75  8:10  Hatchery  
  75  8:12  Lurker x4  
  78  8:13  Lurker  
  78  8:15  Zergling x2  
  78  8:17  Zergling x10  
  79  8:22  Drone x3  
  82  8:29  Overseer  
  82  8:38  Hatchery  
  81  8:44  Baneling x4  
  81  8:45  Baneling x3  
  81  8:49  Mutalisk x3  
  87  8:57  Spore Crawler  
  87  8:58  Spine Crawler  
  85  9:02  Extractor  
  71  9:20  Zergling x2  
  71  9:21  Zergling x8  
  71  9:22  Zergling x20  
  71  9:23  Zergling x12  
  86  9:39  Pneumatized Carapace  
  86  9:52  Zergling x6  
  89  9:55  Zerg Flyer Weapons Level 1  
  81  10:22  Muscular Augments  
  81  10:23  Zerg Ground Armor Level 2, Infestation Pit  
  81  10:25  Zerg Melee Weapons Level 1  
  79  10:41  Drone x5  
  79  10:42  Drone x3  
  86  10:46  Drone x4  
  90  10:51  Drone  
  91  11:06  Overlord  
  91  11:08  Hydralisk x5  
  98  11:20  Baneling x3  
  98  11:21  Baneling x7  
  98  11:22  Baneling x2  
  98  11:24  Drone  
  98  11:29  Drone x3  
  98  11:31  Drone  
  82  12:14  Spine Crawler  
  81  12:17  Mutalisk x5  
  81  12:18  Mutalisk x6  
  103  12:26  Spine Crawler  
  103  12:27  Spore Crawler  
  101  12:44  Hatchery  
  100  12:58  Queen  
  102  13:15  Zergling x2  
  102  13:16  Zergling x10  
  102  13:17  Zergling x18  
  79  13:47  Hive  
  79  13:48  Zerg Flyer Weapons Level 2  
  79  14:23  Hatchery  
  78  14:27  Drone  
  78  14:28  Drone x2  
  81  14:46  Baneling  
  81  14:47  Baneling x3  
  81  14:48  Baneling x3  
  79  15:00  Hatchery  
  79  15:01  Extractor  
  79  15:05  Mutalisk, Extractor  
  79  15:06  Mutalisk x4  
  79  15:07  Mutalisk x2  
  62  15:56  Baneling  
  62  15:57  Baneling  
  62  16:13  Extractor  
  62  16:15  Extractor  
  60  16:22  Spore Crawler  
  58  16:35  Drone  
  58  16:36  Drone x2  
  54  16:55  Drone  
  48  17:12  Drone  
  42  17:46  Drone x2  
  42  17:47  Drone x2  
Tags
 
Add a new tag
Caveats
  • Supply blocks, unpowered buildings, or Contaminate may cause inaccurate times.
  • Supply counts are checked every 10 seconds.